Map: Dusk Towers

Players

Solipsis - Winner!

  • Race: Terran Terran
  • League: Silver

BlitzKrieg

  • Race: Protoss Protoss
  • League: Gold

VOD

Have the link to the VOD?

Description

Time

  • Played on: Dec. 4, 2015, 1:59 a.m.
  • Length: 7:20
Show
View Real Time Build Order
Export as new Build Order

Solipsis Terran - Winner!

Build Orders:  

Get SALT Encoding   

  12  0:01  SCV  
  13  0:13  SCV  
  14  0:22  Supply Depot  
  14  0:25  SCV  
  15  0:36  Refinery  
  15  0:43  SCV  
  16  0:52  Barracks  
  16  0:55  SCV  
  17  1:01  Supply Depot  
  17  1:08  SCV  
  18  1:25  SCV  
  19  1:37  SCV  
  19  1:38  Barracks  
  20  1:43  Refinery, Marine  
  21  1:49  SCV  
  22  2:01  SCV  
  22  2:06  Supply Depot  
  23  2:13  SCV  
  23  2:14  Marine  
  24  2:25  SCV  
  25  2:33  Marine  
  26  2:40  Marine  
  26  2:43  Bunker  
  28  2:44  SCV  
  28  2:45  Factory  
  28  2:54  Barracks Reactor  
  28  2:58  Orbital Command  
  28  3:10  Command Center, Marine  
  29  3:27  Engineering Bay  
  29  3:29  SCV  
  30  3:37  Marine  
  30  3:39  Factory Reactor  
  31  3:55  Supply Depot  
  31  4:16  SCV, Marine x2  
  31  4:17  Supply Depot, Missile Turret  
  34  4:21  Terran Infantry Weapons Level 1, Barracks Tech Lab  
  34  4:22  Widow Mine  
  34  4:23  Widow Mine  
  36  4:27  SCV  
  39  4:36  Marine x2  
  39  4:38  Missile Turret  
  41  4:49  Stimpack  
  41  4:50  Starport, Marauder  
  43  4:59  Missile Turret  
  43  5:04  Widow Mine x2  
  43  5:05  Marine x2  
  49  5:08  SCV  
  49  5:09  SCV  
  46  5:26  Marine x2  
  46  5:27  Marine  
  16  5:44  Marine x2  
  16  5:45  SCV, Marauder  
  21  6:02  Marine  
  23  6:06  Marauder  
  23  6:08  Marine  
  25  6:16  SCV  
  25  6:17  SCV  
  23  6:26  Marine  
  23  6:27  Marine  
  23  6:30  Hellion  
  26  6:43  Supply Depot  
  26  6:47  Barracks Reactor  
  26  6:57  Marine  
Show
View Real Time Build Order
Export as new Build Order

BlitzKrieg Protoss 

Build Orders:  

Get SALT Encoding   

  12  0:01  Probe (Chrono Boost)  
  13  0:12  Probe (Chrono Boost)  
  14  0:18  Pylon  
  14  0:23  Probe (Chrono Boost)  
  15  0:36  Probe (Chrono Boost)  
  15  0:38  Gateway  
  16  0:47  Probe (Chrono Boost)  
  17  0:55  Assimilator  
  17  0:59  Probe (Chrono Boost)  
  18  1:10  Probe (Chrono Boost)  
  19  1:31  Cybernetics Core  
  19  1:36  Pylon  
  19  1:38  Probe (Chrono Boost)  
  20  1:46  Pylon  
  20  1:49  Probe (Chrono Boost)  
  20  1:53  Assimilator  
  21  2:00  Probe (Chrono Boost)  
  22  2:14  Probe (Chrono Boost)  
  23  2:22  Stargate  
  23  2:26  Gateway  
  23  2:28  Pylon  
  23  2:41  Warp Gate (Chrono Boost)  
  23  2:44  Gateway  
  23  2:46  Gateway  
  23  2:48  Pylon  
  23  3:00  Pylon  
  23  3:05  Void Ray (Chrono Boost)  
  27  3:22  Adept  
  29  3:40  Void Ray (Chrono Boost)  
  32  4:35  Adept x3  
  32  4:36  Adept  
  40  4:57  Adept x4  
  42  5:29  Void Ray  
  46  5:36  Stalker  
  46  5:37  Stalker x3  
  46  5:57  Robotics Facility  
  46  5:58  Pylon  
  44  6:10  Nexus  
  36  6:21  Stalker x2  
  36  6:22  Stalker  
Tags
 
Add a new tag
Caveats
  • Supply blocks, unpowered buildings, or Contaminate may cause inaccurate times.
  • Supply counts are checked every 10 seconds.